 Dungeon Crawl Stone Soup version 0.21.1-1-g345015f (webtiles) character file.

501 Tarasboulda the Chiller (level 7, 0/41 HPs)
             Began as a Merfolk Ice Elementalist on June 8, 2018.
             Slain by a gnoll
             ... wielding a +0 whip
              (2 damage)
             ... on level 4 of the Dungeon on June 10, 2018.
             The game lasted 00:18:38 (5336 turns).

Tarasboulda the Chiller (Merfolk Ice Elementalist)  Turns: 5336, Time: 00:18:39

Health: 0/41       AC:  2    Str:  7 (8)  XL:     7   Next: 17%
Magic:  6/10       EV: 15    Int: 17 (18) God:
Gold:   163        SH:  0    Dex: 15 (17) Spells: 4/10 levels left

rFire    . . .     SeeInvis .   m - +0 spear
rCold    . . .     Gourm    .   (no shield)
rNeg     . . .     Faith    .   a - +0 robe
rPois    +         Spirit   .   (no helmet)
rElec    .         Reflect  .   (no cloak)
rCorr    .         Harm     .   (no gloves)
MR       .....                  (no boots)
Stlth    +++.......             (no amulet)
HPRegen  0.13/turn              j - ring of poison resistance
MPRegen  0.12/turn              n - +4 ring of intelligence

@: very slightly contaminated
A: change form in water, swift swim, stealthy swim, deterioration 1, frail 1,
sturdy frame 1
a: no special abilities


You were on level 4 of the Dungeon.
You were not hungry.

You visited 1 branch of the dungeon, and saw 5 of its levels.

You collected 163 gold pieces.

Inventory:

Hand Weapons
 e - a +0 dagger
 f - a cursed +0 trident
 m - a +0 spear (weapon)
Missiles
 g - 2 throwing nets (quivered)
 h - 4 silver tomahawks
Armour
 a - a +0 robe (worn)
Jewellery
 j - a ring of poison resistance (left hand)
 n - a +4 ring of intelligence (right hand)
 q - an uncursed amulet of harm {unknown}
 v - an uncursed amulet of rage {unknown}
Wands
 l - a wand of acid (7)
Scrolls
 d - a scroll of remove curse
 k - 5 scrolls of identify
 o - a scroll of blinking {unknown}
 u - a scroll of fear {unknown}
 w - a scroll of teleportation {unknown}
Potions
 i - a potion of degeneration {unknown}
 p - a potion of haste {unknown}
 r - a potion of flight {unknown}
 s - 2 potions of resistance {unknown}
 t - 2 potions of lignification {unknown}
Books
 b - a book of Frost

   Spells                             Type                      Level
   a - Freeze                         Ice                          1
   b - Throw Frost                    Conjuration/Ice              2
   c - Ozocubu's Armour               Charms/Ice                   3
   d - Throw Icicle                   Conjuration/Ice              4
   e - Summon Ice Beast               Ice/Summoning                4
Comestibles
 c - 4 rations


   Skills:
 * Level 5.2 Polearms
 + Level 5.0 Dodging
 + Level 4.2 Stealth
 - Level 2.0 Spellcasting
 - Level 0.7 Conjurations
 + Level 5.7 Ice Magic


You had 4 spell levels left.
You knew the following spells:

 Your Spells              Type           Power        Failure   Level  Hunger
a - Freeze                Ice            ###.         1%          1    #......
b - Ozocubu's Armour      Chrm/Ice       ##......     19%         3    ###....
c - Throw Frost           Conj/Ice       ##....       8%          2    ###....


Dungeon Overview and Level Annotations

Branches:
Dungeon (5/15)
 Temple: D:4-7

Altars:
Ashenzari

Shops:
D:4 [


Innate Abilities, Weirdness & Mutations

You revert to your normal form in water.
You are very nimble and swift while swimming.
You are very stealthy in the water. (Stealth+)
Your body sometimes deteriorates upon taking damage.
You are frail. (-10% HP)
Your movements are slightly less encumbered by armour. (ER -2)


Message History

You feel your dexterity returning. The gnoll misses you.
Casting: Freeze
Confirm with . or Enter, or press ? or * to list all spells.
Aiming: Freeze
Press: ? - help, Shift-Dir - straight line, f - gnoll
Aim: a gnoll, wielding a whip You miscast Freeze.
You are very lightly contaminated with residual magic.
Frost covers your body. The gnoll hits you with a whip!
* * * LOW HITPOINT WARNING * * *
Casting: Freeze
Confirm with . or Enter, or press ? or * to list all spells.
Aiming: Freeze
Press: ? - help, Shift-Dir - straight line, f/p - gnoll
Aim: a gnoll, wielding a whip
Okay, then.
You can't go up here!
The gnoll hits you with a whip.
You die...

.....# ... .....# ..#
############
.....##..###..#.@.(...#
..........#....g).....#
..........#...........#
..........#..##...##...#
.(........#..###'### ..#
..........#...#....# .#
............g.#>..####.#
.....#.....#g###..# ...#
.......#'#...###..##...#.


You could see a gnoll.

Vanquished Creatures
  A scorpion (D:4)
  A crimson imp (D:2)
  A gnoll shaman (D:4)
  2 orc wizards
  Natasha (thrice) (D:2)
  A worker ant (D:4)
  2 hound skeletons (D:4)
  4 gnolls (D:4)
  7 adders
  4 worms
  20 orcs
  A giant cockroach (D:1)
  8 hobgoblins
  3 quokkas
  A ball python (D:1)
  7 bats
  3 frilled lizards
  5 goblins
  13 kobolds
  8 rats
95 creatures vanquished.

Notes
Turn   | Place    | Note
-------+----------+-------------------------------------------
     0 | D:1      | Tarasboulda the Merfolk Ice Elementalist began the quest for the Orb.
     0 | D:1      | Reached XP level 1. HP: 13/13 MP: 3/3
   370 | D:1      | Reached XP level 2. HP: 19/19 MP: 1/5
  1414 | D:2      | Noticed a crimson imp
  1428 | D:2      | Killed a crimson imp
  1428 | D:2      | Reached XP level 3. HP: 22/24 MP: 0/6
  1511 | D:2      | Reached XP level 4. HP: 26/30 MP: 3/7
  1822 | D:2      | Reached skill level 1 in Polearms
  2197 | D:2      | Noticed Natasha
  2204 | D:2      | Killed Natasha
  2204 | D:2      | Reached skill level 5 in Ice Magic
  2204 | D:2      | Reached XP level 5. HP: 29/35 MP: 3/8
  2209 | D:2      | Learned a level 3 spell: Ozocubu's Armour
  2308 | D:2      | Noticed Natasha
  2323 | D:2      | Killed Natasha
  2329 | D:2      | Noticed Natasha
  2337 | D:2      | Killed Natasha
  2524 | D:3      | Learned a level 2 spell: Throw Frost
  2817 | D:3      | Gained mutation: Your body sometimes deteriorates upon taking damage. [potion of mutation]
  2817 | D:3      | Gained mutation: You are frail. (-10% HP) [potion of mutation]
  2817 | D:3      | Gained mutation: You evolve. [potion of mutation]
  3054 | D:2      | Gained mutation: Your movements are slightly less encumbered by armour. (ER -2) [evolution]
  3054 | D:2      | Lost mutation: You evolve. [end of evolution]
  3110 | D:3      | Reached XP level 6. HP: 17/36 MP: 5/9
  4343 | D:4      | Found a shattered altar of Ashenzari.
  4391 | D:5      | Entered Level 5 of the Dungeon
  4652 | D:4      | Found Viaguik's Antique Armour Emporium.
  4727 | D:4      | Reached XP level 7. HP: 34/41 MP: 2/10
  4821 | D:4      | Reached skill level 5 in Polearms
  4821 | D:4      | Reached skill level 5 in Dodging
  5335 | D:4      | HP: 1/41 [gnoll/whip (7)]
  5336 | D:4      | Slain by a gnoll

Skill      XL: |  1  2  3  4  5  6  7 |
---------------+----------------------+-----
Dodging        | 3 4 5 |  5.0
Ice Magic      | 4 5 |  5.7
Polearms       | 1 3 4 5 |  5.2
Stealth        | 3 4 |  4.2
Spellcasting   | |  2.0
Conjurations   | |  0.7

Action                   |  1- 3 |  4- 6 |  7- 9 || total
-------------------------+-------+-------+-------++-------
Melee: Unarmed           |     5 |       |       ||     5
       Dagger            |     2 |     1 |       ||     3
       Spear             |       |    50 |       ||    50
 Cast: Freeze            |    45 |   115 |    13 ||   173
       Throw Frost       |       |     8 |       ||     8
       Ozocubu's Armour  |       |     7 |       ||     7
  Use: Scroll            |     2 |     1 |       ||     3
       Potion            |       |     2 |       ||     2
 Stab: Sleeping          |       |     3 |       ||     3
  Eat: Ration            |     1 |     4 |       ||     5
       Chunk             |       |     1 |       ||     1
Armor: Robe              |    21 |    29 |       ||    50
Dodge: Dodged            |    61 |   116 |    13 ||   190
